 Dungeon Crawl Stone Soup version 0.19-a0-1933-g052ff51 (webtiles) character file.

25043 Kaname the Destroyer (level 12, -1/86 HPs)
             Began as a Demonspawn Venom Mage on Oct 26, 2016.
             Was a High Priest of Okawaru.
             Slain by a wraith (6 damage)
             ... led by a death knight
             ... on level 12 of the Dungeon.
             The game lasted 01:37:21 (21995 turns).

Kaname the Destroyer (Demonspawn Venom Mage)       Turns: 21995, Time: 01:37:21

Health: -1/86      AC:  7    Str: 15    XL:     12   Next: 86%
Magic:  4/19       EV: 21    Int: 21    God:    Okawaru [*****.]
Gold:   725        SH:  1    Dex: 19    Spells: 2 memorised, 13 levels left

rFire  + . .     SeeInvis +     B - +1 short sword (venom)
rCold  . . .     Gourm    .     G - +0 troll leather armour
rNeg   . . .     Faith    +     L - -6 buckler "Tumuclie" {Str+4 Slay+3 SInv Stlth-}
rPois  .         Spirit   .     (no helmet)
rElec  .         Reflect  .     k - +0 cloak
rCorr  .         Harm     .     (no gloves)
MR     +....     Clarity  +     (no boots)
Stlth  +++++.....               D - amulet of faith
                                u - ring of protection from fire
                                p - +2 ring of strength (curse)

@: agile, heroism, slowed, drained, very slow
A: talons 2, molten scales 2, clarity, deformed body, magic resistance 1,
nightstalker 1, powered by death 1, wild magic 2
a: Heroism, Finesse, Renounce Religion


You were on level 12 of the Dungeon.
You worshipped Okawaru.
Okawaru was extremely pleased with you.
You were hungry.

You visited 1 branch of the dungeon, and saw 13 of its levels.
You also visited: Sewer.

You collected 989 gold pieces.
You spent 264 gold pieces at shops.

Inventory:

Hand Weapons
 x - a +5 quick blade
 B - a +1 short sword of venom (weapon)
Armour
 k - a +0 cloak (worn)
 G - a +0 troll leather armour (worn)
 L - the -6 buckler "Tumuclie" (worn) {Str+4 Slay+3 SInv Stlth-}
   (Okawaru gifted it to you on level 13 of the Dungeon)

   It affects your strength (+4).
   It affects your accuracy and damage with ranged weapons and melee attacks
   (+3).
   It lets you see invisible.
   It makes you less stealthy.
Jewellery
 p - a cursed +2 ring of strength (left hand)
 u - a ring of protection from fire (right hand)
 D - an amulet of faith (around neck)
 Q - a +2 amulet of reflection
Wands
 r - a wand of polymorph (19/24)
 v - a wand of digging (7/24)
 P - a wand of paralysis (12/24)
 R - a wand of polymorph (13/24)
Scrolls
 a - a scroll of silence
 d - 4 scrolls of teleportation
 e - a scroll of holy word {unknown}
 g - 3 scrolls of fog
 q - 6 scrolls of recharging
 w - 4 scrolls of magic mapping
 y - a scroll of fear
 z - 5 scrolls of enchant armour
 E - 4 scrolls of remove curse
 F - a scroll of vulnerability
 I - a scroll of amnesia
 K - 2 scrolls of enchant weapon
 M - 2 scrolls of immolation
Potions
 h - 3 potions of magic
 l - 4 potions of might
 m - 2 potions of cure mutation
 n - a potion of resistance
 s - 5 potions of brilliance
 C - 3 potions of flight
Books
 b - a Young Poisoner's Handbook

   Spells                             Type                      Level
   a - Sting                          Conjuration/Poison           1
   b - Mephitic Cloud                 Conjuration/Poison/Air       3
   c - Olgreb's Toxic Radiance        Poison                       4
   d - Alistair's Intoxication        Transmutation/Poison         5
   e - Venom Bolt                     Conjuration/Poison           5
 f - a book of Changes

   Spells                             Type                      Level
   a - Beastly Appendage              Transmutation                1
   b - Sticks to Snakes               Transmutation                2
   c - Spider Form                    Transmutation/Poison         3
   d - Ice Form                       Ice/Transmutation            4
   e - Blade Hands                    Transmutation                5
 t - a book of Misfortune

   Spells                             Type                      Level
   a - Confusing Touch                Hexes                        1
   b - Confuse                        Hexes                        3
   c - Gell's Gravitas                Hexes/Translocation          3
   d - Petrify                        Transmutation/Earth          4
   e - Metabolic Englaciation         Hexes/Ice                    5
   f - Yara's Violent Unravelling     Hexes/Transmutation          5
 J - a book of Enchantments

   Spells                             Type                      Level
   a - Cause Fear                     Hexes                        4
   b - Yara's Violent Unravelling     Hexes/Transmutation          5
   c - Silence                        Hexes/Air                    5
   d - Deflect Missiles               Charms/Air                   6
   e - Discord                        Hexes                        8
Comestibles
 c - 11 bread rations
 i - 8 meat rations
 H - a royal jelly
 N - 2 beef jerkies


   Skills:
 - Level 5.1(9.7) Fighting
 - Level 10.0(14.6) Short Blades
 - Level 1.7(6.4) Dodging
 - Level 5.2(9.9) Stealth
 - Level 4.5(9.2) Shields
 - Level 5.0(4.7) Spellcasting
 + Level 11.4(11.1) Conjurations
 - Level 2.0(1.8) Air Magic
 - Level 10.0(9.7) Poison Magic
 - Level 8.1(7.7) Invocations


You had 13 spell levels left.
You knew the following spells:

 Your Spells              Type           Power        Failure   Level  Hunger
a - Venom Bolt            Conj/Pois      ######....   14%         5    ######.
b - Mephitic Cloud        Conj/Pois/Air  ######..     6%          3    ##.....


Dungeon Overview and Level Annotations

Branches:
Dungeon (13/15)            Temple (0/1) D:7            Lair (0/6) D:10
    Orc (0/2) D:9
 Vaults: D:13-14

Altars:
Ashenzari
Cheibriados
Dithmenos
Gozag
Hepliaklqana
Nemelex Xobeh
Okawaru
Ru
Trog
Uskayaw
Vehumet
Xom
Yredelemnul
Zin
The Shining One

Shops:
D:8 (   D:10 ?

Annotations:
D:7 exclusion: hungry ghost
D:10 exclusion: oklob plant
D:12 exclusion: 2 doors, Zigma's ghost, journeyman DrMo


Innate Abilities, Weirdness & Mutations

You have razor-sharp toenails.
You are mostly covered in molten scales. (AC +3)
You are slightly more attuned to the shadows.
You regenerate a little health from kills.
You possess an exceptional clarity of mind.
Armour fits poorly on your strangely shaped body.
You are resistant to hostile enchantments. (MR+)
Your spells are harder to cast, but more powerful.


Message History

You hit the wraith but do no damage.
The wraith is heavily damaged.
The wraith hits you!
* * * LOW HITPOINT WARNING * * *
The wraith drains your vigour!
You feel as though you will be slow longer.
You hit the wraith but do no damage.
The wraith is heavily damaged.
The wraith hits you.
* * * LOW HITPOINT WARNING * * *
The wraith drains your vigour!
You feel as though you will be slow longer.
Okay, then.
Press: ? - help, v - describe, . - travel
Here: a wraith (heavily damaged)
The floor.
Okay, then.
You feel agile all of a sudden. The wraith hits you.
You die...

.####.....##.#### ##.## #....
......###.#..### #..# ##.##
.##....(......)# ##.# ##.#
...............# #.###.##
.....#(........#########...o##
...###.................####V#####
.#.###.........#........##.W.....
....##.........W........W.....###
[...............@........##.##...
.⌠..#######.###..........##.# ...
..[[#........................ ...
..(...####..###..........##......
.##.### #.## ##..........!.##.
......####.# ###........###..#..
....#......###................###
.##...)..#...W.................##
.#####...<...#..........# #.(...


You could see a wraith.

Vanquished Creatures
  2 death knights (D:13)
  A catoblepas (D:13)
  2 unseen horrors
  6 hill giants
  An orc knight (D:12)
  A deep elf mage (D:13)
  3 ugly things
  4 cyclopes
  A manticore (D:13)
  Maurice (D:11)
  A komodo dragon (D:11)
  2 two-headed ogres
  2 hornets
  3 trolls
  5 hippogriffs
  A shadow (D:11)
  3 hogs (D:7)
  A hungry ghost (D:12)
  23 yaks
  A human (D:7)
  A basilisk (D:8)
  2 mottled dragons
  2 water moccasins
  3 ice beasts
  2 sky beasts
  A necrophage (D:9)
  3 black bears
  9 orc warriors
  A phantom (D:12)
  An eye of draining (D:11)
  6 ogres
  6 centaurs
  A big kobold (D:12)
  6 bullfrogs
  A gnoll sergeant (D:8)
  4 wyvern skeletons
  2 scorpions
  12 killer bees
  6 wights
  An electric eel (D:13)
  8 howler monkeys
  2 centaur zombies
  5 crimson imps
  6 orc priests
  3 bullfrog zombies
  7 centaur skeletons
  7 hounds
  A bullfrog skeleton (D:12)
  An iguana (D:11)
  3 jellies
  9 orc wizards
  A gnoll shaman (D:10)
  15 worker ants
  A hound zombie (D:5)
  A hound skeleton (D:4)
  2 worker ant zombies (D:11)
  13 gnolls
  22 adders
  7 river rats
  4 shadow imps
  2 oozes
  2 adder skeletons (D:9)
  6 worms
  2 dart slugs
  10 leopard geckos
  82 orcs
  13 ball pythons
  7 bats
  5 giant cockroaches
  8 goblins
  7 hobgoblins
  20 jackals
  11 kobolds
  6 quokkas
  7 frilled lizards
  A jackal skeleton (D:7)
  A leopard gecko skeleton (D:6)
  A leopard gecko zombie (D:6)
  35 rats
478 creatures vanquished.

Vanquished Creatures (collateral kills)
  A bullfrog (D:10)
  A killer bee (D:10)
  3 wights (D:10)
5 creatures vanquished.

Vanquished Creatures (others)
  2 plants (D:10)
2 creatures vanquished.

Grand Total: 485 creatures vanquished

Notes
Turn   | Place    | Note
-------+----------+-------------------------------------------
     0 | D:1      | Kaname the Demonspawn Venom Mage began the quest for the Orb.
     0 | D:1      | Reached XP level 1. HP: 13/13 MP: 3/3
   117 | D:1      | Reached skill level 1 in Conjurations
   221 | D:1      | Gained mutation: You are partially covered in molten scales. (AC +2) [demonic ancestry]
   221 | D:1      | Reached XP level 2. HP: 17/19 MP: 0/5
   455 | D:1      | Reached skill level 2 in Conjurations
  1121 | D:2      | Gained mutation: You are slightly more attuned to the shadows. [demonic ancestry]
  1121 | D:2      | Reached XP level 3. HP: 22/24 MP: 1/6
  1188 | D:1      | Learned a level 3 spell: Mephitic Cloud
  1271 | D:2      | Reached skill level 3 in Conjurations
  1639 | D:2      | Reached XP level 4. HP: 30/30 MP: 2/7
  1948 | D:3      | Reached skill level 4 in Conjurations
  2027 | D:3      | Found a snail-covered altar of Cheibriados.
  2049 | D:3      | Reached skill level 1 in Air Magic
  2395 | D:3      | Reached XP level 5. HP: 35/35 MP: 3/8
  2522 | D:3      | Found an iron altar of Okawaru.
  2782 | D:3      | Learned a level 5 spell: Venom Bolt
  2942 | D:3      | Became a worshipper of Warmaster Okawaru
  2994 | D:3      | Found a faded altar of an unknown god.
  3106 | D:3      | Reached skill level 5 in Conjurations
  3378 | D:3      | Gained mutation: You regenerate a little health from kills. [demonic ancestry]
  3378 | D:3      | Reached XP level 6. HP: 41/41 MP: 9/9
  4422 | D:4      | Reached skill level 5 in Poison Magic
  4739 | D:4      | Reached * piety under Okawaru
  5054 | D:4      | Reached skill level 1 in Invocations
  5258 | D:4      | Reached XP level 7. HP: 42/46 MP: 7/10
  5489 | D:5      | Entered Level 5 of the Dungeon
  5872 | D:6      | Noticed a hippogriff
  5889 | D:6      | Killed a hippogriff
  5889 | D:6      | Reached skill level 6 in Conjurations
  6251 | D:6      | Found a glowing drain.
  6257 | Sewer    | Entered a sewer
  6974 | Sewer    | Reached skill level 7 in Conjurations
  7231 | D:6      | Gained mutation: You are mostly covered in molten scales. (AC +3) [demonic ancestry]
  7231 | D:6      | Reached XP level 8. HP: 31/52 MP: 9/11
  7251 | D:6      | Found a shimmering altar of Xom.
  7252 | D:6      | Found a shimmering altar of Xom.
  7252 | D:6      | Found a shimmering altar of Xom.
  7253 | D:6      | Found a shimmering altar of Xom.
  7253 | D:6      | Found a shimmering altar of Xom.
  7255 | D:6      | Found a shimmering altar of Xom.
  7920 | D:5      | HP: 2/52 [ogre/giant club (24)]
  8820 | D:5      | Found a glowing golden altar of the Shining One.
  8825 | D:5      | Found a basalt altar of Yredelemnul.
  8834 | D:5      | Noticed an angel
  9365 | D:6      | Reached skill level 8 in Conjurations
 10174 | D:7      | Found a hazy altar of Hepliaklqana.
 10218 | D:7      | Found a staircase to the Ecumenical Temple.
 10250 | D:7      | Found a hide-covered altar of Uskayaw.
 10336 | D:7      | Gained mutation: You have sharp toenails. [demonic ancestry]
 10336 | D:7      | Reached XP level 9. HP: 18/57 MP: 0/14
 10730 | D:7      | Found a glowing golden altar of the Shining One.
 10840 | D:7      | Reached ** piety under Okawaru
 10978 | D:7      | Found a sparkling altar of Nemelex Xobeh.
 10978 | D:7      | Found a bloodstained altar of Trog.
 11052 | D:7      | Reached skill level 9 in Conjurations
 12043 | D:8      | Reached *** piety under Okawaru
 12053 | D:8      | Reached skill level 10 in Poison Magic
 12352 | D:8      | Gained mutation: You have razor-sharp toenails. [demonic ancestry]
 12352 | D:8      | Reached XP level 10. HP: 41/63 MP: 5/16
 12445 | D:8      | Found Doipn's Weapon Shoppe.
 12682 | D:8      | Found a sacrificial altar of Ru.
 12804 | D:8      | Reached skill level 10 in Conjurations
 12971 | D:8      | Reached skill level 1 in Short Blades
 13288 | D:9      | HP: 3/63 [yak (14)]
 13589 | D:9      | Found a shadowy altar of Dithmenos.
 13623 | D:9      | Found a shattered altar of Ashenzari.
 13623 | D:9      | Found a radiant altar of Vehumet.
 13798 | D:9      | Found a glowing silver altar of Zin.
 13798 | D:9      | Found an opulent altar of Gozag.
 13832 | D:9      | Found a staircase to the Orcish Mines.
 13844 | D:9      | Reached **** piety under Okawaru
 13904 | D:9      | Found a glowing golden altar of the Shining One.
 14320 | D:9      | Reached skill level 5 in Short Blades
 14464 | D:9      | Reached skill level 1 in Fighting
 14604 | D:10     | Entered Level 10 of the Dungeon
 14669 | D:10     | Found Qanefiotra's Magic Scroll Shop.
 14726 | D:10     | Bought a scroll of fear for 42 gold pieces
 14726 | D:10     | Bought a scroll of silence for 90 gold pieces
 14726 | D:10     | Bought a scroll of identify for 24 gold pieces
 14726 | D:10     | Bought 2 scrolls of immolation for 84 gold pieces
 14726 | D:10     | Bought a scroll of identify for 24 gold pieces
 14902 | D:10     | Reached skill level 5 in Fighting
 15246 | D:10     | Found a staircase to the Lair.
 15246 | D:10     | Noticed an oklob plant
 15321 | D:10     | Paralysed by a hornet for 2 turns
 15442 | D:10     | Reached XP level 11. HP: 65/79 MP: 1/17
 15665 | D:10     | Reached ***** piety under Okawaru
 15842 | D:11     | Reached skill level 5 in Stealth
 15850 | D:11     | Noticed a four-headed hydra
 15960 | D:10     | Reached skill level 5 in Spellcasting
 16167 | D:11     | Noticed a hill giant
 16198 | D:11     | Killed a hill giant
 16324 | D:11     | Noticed a white ugly thing
 16621 | D:11     | Found a hide-covered altar of Uskayaw.
 17267 | D:11     | Noticed Maurice
 17319 | D:11     | Killed Maurice
 17393 | D:11     | Noticed a hill giant
 17615 | D:11     | Killed a hill giant
 18057 | D:12     | Noticed Zigma's ghost (journeyman DrMo)
 18249 | D:12     | Noticed a cyan ugly thing
 18486 | D:12     | Received a gift from Okawaru
 18935 | D:12     | Noticed a hill giant
 19063 | D:12     | Reached skill level 5 in Invocations
 19204 | D:12     | Noticed an orc knight
 19237 | D:13     | Killed a hill giant
 19337 | D:12     | Killed an orc knight
 19337 | D:12     | Received a gift from Okawaru
 19491 | D:12     | Reached XP level 12. HP: 60/86 MP: 19/19
 19687 | D:13     | Noticed a death knight
 19722 | D:13     | Killed a death knight
 19863 | D:13     | Noticed a death yak
 19935 | D:13     | Received a gift from Okawaru
 19944 | D:13     | Got a twisted buckler {god gift}
 19952 | D:13     | Identified the -6 buckler "Tumuclie" {Str+4 Slay+3 SInv Stlth-} (Okawaru gifted it to you on level 13 of the Dungeon)
 20011 | D:13     | Reached skill level 1 in Shields
 20036 | D:13     | Noticed a death yak
 20430 | D:13     | Reached skill level 10 in Short Blades
 20775 | D:13     | Noticed a catoblepas
 20787 | D:13     | Killed a catoblepas
 20842 | D:13     | Noticed a death knight
 21315 | D:11     | Gained mutation: You are resistant to hostile enchantments. (MR+) [mutagenic meat]
 21316 | D:11     | Gained mutation: Armour fits poorly on your strangely shaped body. [mutagenic meat]
 21368 | D:11     | Gained mutation: Your spells are a little harder to cast, but a little more powerful. [mutagenic meat]
 21369 | D:11     | Gained mutation: You possess an exceptional clarity of mind. [mutagenic meat]
 21370 | D:11     | Gained mutation: Your spells are harder to cast, but more powerful. [mutagenic meat]
 21456 | D:12     | Reached skill level 11 in Conjurations
 21738 | D:12     | HP: 4/86 [Zigma's ghost/bolt of negative energy (39)]
 21965 | D:13     | Killed a death knight
 21994 | D:12     | HP: 4/86 [wraith[a death knight] (3)]
 21995 | D:12     | Slain by a wraith

Vault maps used:
D:1:      co_arrival_square_in_a_square_in_a_square
D:3:      okawaru_gym_becter, cheibriados_altar_wand_db, ecumenical_altar_1,
          first_bread, dk_noncrumbling_2
D:4:      serial_corexii_hall, corexii_hall_statues_x, corexii_hall_statues_i,
          serial_park_tiny_2
D:5:      grunt_temple_overflow_holy_war, serial_park_tiny_2
D:6:      xom_redecorated, gup_sewer_entry_spiral
D:7:      cheibrodos_helix_gallery, gammafunk_temple_overflow_statue,
          nicolae_overflow_hidden_temple, grunt_livestock, tso_altar
D:8:      serial_shops, nicolae_shop_behind_doors, corner_web_ring,
          nicolae_ru_sacrificial_ziggurat
D:9:      grunt_temple_overflow_gold_and_silver, grunt_temple_overflow_open,
          basic_altar
D:10:     dpeg_oklobed_lair, serial_shops, shop
D:11:     basic_altar, uniq_maurice
D:12:     special_room, solitary_fountain, minivault_25_ag,
          minmay_joined_circles
D:13:     argonaut_augean_stables, basic_altar
Sewer:    sewer_minmay_w

Skill      XL: |  1  2  3  4  5  6  7  8  9 10 11 12 |
---------------+-------------------------------------+-----
Conjurations   | 1 2 3 4 5 7 8 9 10 11 | 11.4
Air Magic      | 2 |  2.0
Poison Magic   | 5 6 8 10 | 10.0
Invocations    | 2 6 8 |  8.1
Spellcasting   | 3 4 5 |  5.0
Short Blades   | 5 8 10 | 10.0
Fighting       | 5 |  5.1
Stealth        | 4 5 |  5.2
Shields        | 4 |  4.5
Dodging        | |  1.7

Action                   |  1- 3 |  4- 6 |  7- 9 | 10-12 || total
-------------------------+-------+-------+-------+-------++-------
Melee: Unarmed           |    32 |    58 |       |       ||    90
       Hand axe          |       |    12 |       |       ||    12
       Falchion          |       |   181 |   374 |       ||   555
       Punch             |       |       |     3 |     9 ||    12
       Short sword       |       |       |    73 |  1322 ||  1395
       Kick              |       |       |    21 |   406 ||   427
 Fire: Shortbow          |       |       |   272 |       ||   272
Throw: Javelin           |       |    14 |    36 |       ||    50
       Throwing net      |       |       |       |     2 ||     2
 Cast: Sting             |    71 |    56 |       |       ||   127
       Mephitic Cloud    |       |    11 |    31 |    14 ||    56
       Venom Bolt        |       |       |    23 |    98 ||   121
Invok: Heroism           |       |       |    10 |    19 ||    29
       Finesse           |       |       |       |     4 ||     4
Evoke: Wand              |       |       |     3 |     3 ||     6
  Use: Scroll            |     7 |    12 |    13 |    16 ||    48
       Potion            |       |     1 |     3 |    11 ||    15
 Stab: Confused          |       |    10 |    12 |     9 ||    31
       Sleeping          |       |     1 |     9 |    12 ||    22
       Distracted        |       |       |       |     2 ||     2
  Eat: Chunk             |     3 |    15 |    27 |    57 ||   102
       Fruit             |       |       |     3 |       ||     3
       Bread ration      |       |       |     1 |     1 ||     2
       Beef jerky        |       |       |     1 |       ||     1
       Pizza             |       |       |       |     8 ||     8
Armor: Robe              |    11 |    78 |   253 |    51 ||   393
       Troll leather arm |       |       |       |   237 ||   237
Dodge: Dodged            |    31 |   175 |   567 |   570 ||  1343
Block: Other             |       |       |       |    27 ||    27
       Reflection        |       |       |       |     1 ||     1
       Rpst.: Falchion   |       |    31 |    93 |       ||   124
